 Dungeon Crawl Stone Soup version 0.30-a0-373-gd37427bb62 (webtiles) character file.

Game seed: 1506711388979585306

1918 Raultor the Changer (level 9, -3/57 HPs)
             Began as an Octopode Transmuter on Nov 21, 2022.
             Was a Follower of Ashenzari.
             Slain by an orc warrior
             ... wielding a +0 glaive
              (18 damage)
             ... in a bailey on Nov 23, 2022.
             The game lasted 00:37:28 (6888 turns).

Raultor the Changer (Octopode Transmuter)           Turns: 6888, Time: 00:37:28

Health: -3/57      AC:  1    Str: 13    XL:     9   Next: 16%
Magic:  12/12      EV: 17    Int: 16    God:    Ashenzari [*.....]
Gold:   367        SH:  0    Dex: 12    Spells: 3/13 levels left

rFire   . . .      SeeInvis .      - Unarmed
rCold   + . .      Faith    .    (no shield)
rNeg    . . .      Spirit   .    (helmet restricted)
rPois   .          Reflect  .    k - amulet of magic regeneration
rElec   .          Harm     .    C - ring "I Foresaw This" {rC+, Self, Range} (curse)
rCorr   .          Rampage  .    E - ring of the Bound Suspicion {EV+4, Bglg, Alch} (curse)
Will    .....                    (no ring)
Stlth   +++.......               (no ring)
HPRegen 0.29/turn                (no ring)
MPRegen 0.53/turn                (no ring)
                                 (no ring)
                                 (no ring)

@: no status effects
A: almost no armour, amphibious, 8 rings, camouflage 1, gelatinous body 1,
nimble swimmer 1, tentacles
a: Renounce Religion, Curse Item, Shatter the Chains


You were in a bailey.
You worshipped Ashenzari.
Ashenzari was aware of your devotion.
You visited 1 branch of the dungeon, and saw 7 of its levels.
You also visited: Bailey.

You collected 367 gold pieces.


Innate Abilities, Weirdness & Mutations

You cannot wear most types of armour.
You are amphibious.
You can wear up to eight rings at the same time.
Your skin changes colour to match your surroundings (Stealth+).
Your rubbery body absorbs attacks. (AC +1, EV +1)
You are camouflaged when in or above water. (Stealth+)
You have tentacles for arms and can constrict up to eight enemies at once.


   Skills:
 + Level 2.7(3.5) Fighting
 - Level 2.0 Dodging
 + Level 5.3 Unarmed Combat
 - Level 2.0(2.6) Spellcasting
 * Level 7.6(8.5) Transmutations
 * Level 6.7 Ice Magic
 - Level 2.7(3.5) Poison Magic


You had 3 spell levels left.
You knew the following spells:

 Your Spells              Type           Power      Damage    Failure   Level
b - Beastly Appendage     Tmut           58%        N/A       1%          1
c - Ice Form              Ice/Tmut       26%        N/A       9%          4
s - Spider Form           Tmut/Pois      21%        N/A       4%          3
w - Wereblood             Tmut           29%        N/A       1%          2

Your spell library contained the following spells:

 Spells                   Type           Power      Damage    Failure   Level
 Kiss of Death            Conj/Necr      8%         2d6       19%         1
 Confusing Touch          Hex            2%         N/A       50%         3
 Dazzling Flash           Conj/Hex       4%         N/A       50%         3
 Dispel Undead            Necr           2%         3d7       89%         4
 Agony                    Necr           2%         N/A       99%         5
 Silence                  Hex/Air        1%         N/A       99%         5

Inventory:

Magical Staves
 n - a staff of cold {!a}
Jewellery
 k - an amulet of magic regeneration (around mantle)
 C - the cursed ring "I Foresaw This" (left tentacle) {rC+, Self, Range}
   (You found it on level 1 of the Dungeon)

   [ring of protection from cold]

   rC:        It protects you from cold.
   It has a curse which improves the following skills: Introspection: Fighting
   and Spellcasting.
   Ranged Combat: Ranged Weapons and Throwing.
 E - the cursed ring of the Bound Suspicion (right tentacle) {EV+4, Bglg, Alch}
   (You found it on level 4 of the Dungeon)

   [ring of evasion]

   EV:        It affects your evasion (+4).
   It has a curse which improves the following skills: Beguiling: Conjurations,
   Hexes and Translocations.
   Alchemy:   Poison Magic and Transmutations.
Wands
 o - a wand of flame (31)
 s - a wand of iceblast (9)
Scrolls
 b - 2 scrolls of enchant weapon
 f - a scroll of teleportation {@r2}
 i - a scroll of magic mapping
 l - a scroll of amnesia
 m - 3 scrolls of blinking
 q - 2 scrolls of fear
Potions
 a - a potion of lignification
 c - 3 potions of brilliance
 d - 2 potions of might
 e - 2 potions of ambrosia
 g - 5 potions of curing {@q1}
 h - 2 potions of haste {@q3}
 j - a potion of heal wounds {@q2}
 p - 4 potions of flight
 r - a potion of magic
 t - a potion of invisibility

Dungeon Overview and Level Annotations

Branches:
Dungeon (7/15)             Bailey (1/1)
 Temple: D:4-7

Altars:
Ashenzari
Dithmenos
Elyvilon
Kikubaaqudgha
Nemelex Xobeh
Ru
Uskayaw
Vehumet
Yredelemnul
Zin

Shops:
D:2

: #.~~).▒▒ ▒..≈≈§§...§ ▒▒..
#.~..▒▒ ▒..§≈≈≈§≈§ ▒▒. #.~.▒▒
▒▒..§..§§. ▒▒
#.~.▒▒▒▒▒▒▒▒▒'▒▒▒+▒▒▒▒▒▒▒▒▒▒▒▒▒
#.~..........▒▒.....▒▒.........
#.~~~o~~~~~~..▒▒.∩.▒▒..~~~~~~~~
#.......o..~~..▒▒ ▒▒))~~.).....
##########..~~.o▒▒▒).~~..######
##..~@....)~~..##
##..)~~~~~~..## ##.........##
###########


You could see an orc knight and an orc warrior.


Message History

* * * LOW HITPOINT WARNING * * *
The orc knight attacks as you move away!
The orc knight hits you with a +0 glaive.
* * * LOW HITPOINT WARNING * * *
The orc knight hits you from afar with a +0 glaive.
* * * LOW HITPOINT WARNING * * *
Your primal bloodlust is almost over.
Your primal bloodlust has ended.
Things that are here:
a +0 halberd; a +0 ring mail Your transformation is almost over.
You warm up again.
You start resting.
An orc knight is nearby!
The orc warrior shouts!
The orc warrior hits you with a +0 glaive.
You tentacle-slap the orc warrior but do no damage.
You grab the orc warrior.
You constrict the orc warrior, but do no damage.
The orc warrior hits you with a +0 glaive!!
* * * LOW HITPOINT WARNING * * *
You tentacle-slap the orc warrior.
The orc warrior is moderately wounded.
You constrict the orc warrior, but do no damage.
The orc warrior hits you with a +0 glaive!
* * * LOW HITPOINT WARNING * * *
You release your grip on the orc warrior.
The orc warrior attacks as you move away!
The orc warrior hits you with a +0 glaive!!
You die...

Skill      XL: |  1  2  3  4  5  6  7  8 |
---------------+-------------------------+-----
Transmutations | 3 4 5 6 7 |  7.6
Ice Magic      | 2 3 4 5 6 |  6.7
Unarmed Combat | 4 5 |  5.3
Poison Magic   | 2 |  2.7
Fighting       | 2 |  2.7
Dodging        | |  2.0
Spellcasting   | |  2.0

Action                   |  1- 3 |  4- 6 |  7- 9 || total
-------------------------+-------+-------+-------++-------
Melee: Unarmed           |    94 |   150 |   191 ||   435
       Tentacles         |    20 |    29 |    32 ||    81
       Constrict         |    20 |    42 |    18 ||    80
       Kick              |     9 |    30 |    28 ||    67
       Punch             |     2 |     6 |     5 ||    13
 Cast: Beastly Appendage |     8 |    17 |    14 ||    39
       Wereblood         |       |     5 |     6 ||    11
       Spider Form       |       |       |     4 ||     4
       Ice Form          |       |       |     7 ||     7
Invok: Curse Item        |       |     1 |     1 ||     2
  Use: Scroll            |       |     1 |     6 ||     7
 Stab: Sleeping          |     6 |     5 |     4 ||    15
Armor: Skin              |    11 |    14 |    18 ||    43
Dodge: Dodged            |    55 |   112 |   167 ||   334

Levels and vault maps discovered:
D:1:      dpeg_arrival_simpleton_a, layout_loops_ring,
          dreamdust_ecumenical_altar_sealed_demon
D:2:      layout_rooms, st_stairs_11, nicolae_shop_vocational
D:3:      layout_loops_ring, lemuel_coloured_pillars_altar
D:4:      layout_basic, uniq_menkaure
D:5:      layout_loops_ring, kennysheep_ying_yang, grunt_temple_overflow_open,
          kennysheep_nub
D:6:      nicolae_cairo_tiling_large, layout_loops_cross, minmay_misc_feat_iff,
          minmay_bent
D:7:      layout_cave_pools, minmay_temple_entry_statues_fountains,
          enter_bailey_4, serial_bayou, serial_bayou_crossing,
          serial_bayou_shore_b, serial_bayou_shore_b, serial_bayou_pond_a,
          serial_bayou_ford_a, serial_shops, nicolae_shop_stone
Bailey:   bailey_polearm_1, bailey

Notes
Turn   | Place    | Note
-------+----------+-------------------------------------------
     0 | D:1      | Raultor the Octopode Transmuter began the quest for the
                  | Orb.
     0 | D:1      | Reached XP level 1. HP: 13/13 MP: 3/3
   128 | D:1      | Reached XP level 2. HP: 18/18 MP: 5/5
   135 | D:1      | Learned a level 2 spell: Wereblood
   137 | D:1      | Found a faded altar of an unknown god.
   137 | D:1      | Noticed a sixfirhy
   263 | D:1      | Reached skill level 3 in Transmutations
   580 | D:1      | Reached XP level 3. HP: 20/23 MP: 2/6
  1059 | D:2      | Found Nuythrota's Vocational Training.
  1122 | D:2      | Reached skill level 4 in Transmutations
  1160 | D:2      | Reached XP level 4. HP: 9/28 MP: 7/7
  1165 | D:2      | Learned a level 4 spell: Ice Form
  1272 | D:2      | Reached skill level 1 in Ice Magic
  1476 | D:2      | Reached skill level 2 in Ice Magic
  1934 | D:3      | Reached XP level 5. HP: 33/33 MP: 4/8
  2364 | D:3      | Found a broken altar of Ashenzari.
  2486 | D:3      | Became a worshipper of Ashenzari the Shackled
  2572 | D:4      | Noticed a black bear
  2676 | D:4      | Reached skill level 3 in Ice Magic
  2903 | D:4      | Noticed Menkaure
  3000 | D:4      | Reached XP level 6. HP: 29/38 MP: 6/9
  3470 | D:5      | Entered Level 5 of the Dungeon
  3470 | D:5      | Noticed a water moccasin
  3563 | D:5      | Reached skill level 5 in Transmutations
  3714 | D:5      | Reached skill level 4 in Ice Magic
  3714 | D:5      | Reached XP level 7. HP: 21/43 MP: 10/10
  3891 | D:5      | Reached skill level 4 in Unarmed Combat
  4123 | D:5      | Reached * piety under Ashenzari
  4293 | D:5      | Found a glowing silver altar of Zin.
  4295 | D:5      | Found a shadowy altar of Dithmenos.
  4296 | D:5      | Found a sparkling altar of Nemelex Xobeh.
  4296 | D:5      | Found an ancient bone altar of Kikubaaqudgha.
  4297 | D:5      | Found a radiant altar of Vehumet.
  4297 | D:5      | Found a sacrificial altar of Ru.
  4297 | D:5      | Found a hide-covered altar of Uskayaw.
  4319 | D:5      | Learned a level 3 spell: Spider Form
  4502 | D:5      | Found a white marble altar of Elyvilon.
  4580 | D:5      | Reached skill level 6 in Transmutations
  4580 | D:5      | Reached skill level 1 in Poison Magic
  4671 | D:4      | HP: 3/43 [Menkaure (21)]
  4672 | D:4      | Killed Menkaure
  4673 | D:4      | Reached skill level 5 in Ice Magic
  4673 | D:4      | Reached skill level 2 in Poison Magic
  4673 | D:4      | Reached XP level 8. HP: 4/48 MP: 8/11
  5193 | D:5      | Found a basalt altar of Yredelemnul.
  5316 | D:6      | Upgraded the game from 0.30-a0-371-gad7725a93e to
                  | 0.30-a0-373-gd37427bb62
  5941 | D:6      | Reached skill level 5 in Unarmed Combat
  5941 | D:6      | Reached skill level 7 in Transmutations
  5941 | D:6      | Reached skill level 6 in Ice Magic
  6037 | D:6      | Reached skill level 2 in Fighting
  6369 | D:7      | Found a flagged portal.
  6384 | Bailey   | Entered a bailey
  6411 | Bailey   | Reached XP level 9. HP: 54/56 MP: 12/12
  6603 | Bailey   | Noticed an orc knight
  6888 | Bailey   | Slain by an orc warrior

Vanquished Creatures
  Menkaure (D:4)
  A water moccasin (D:5)
  3 orc warriors (Bailey)
  An ice beast (D:6)
  An ogre (D:5)
  2 black bears
  3 centaurs
  A phantom (D:5)
  A scorpion (D:6)
  2 necrophages
  A howler monkey (D:6)
  5 hounds
  A jelly (D:4)
  3 iguanas
  An orc wizard (D:5)
  5 gnolls
  6 adders
  A white imp (D:5)
  An ufetubus (D:6)
  A worm (D:2)
  6 dart slugs
  31 orcs
  8 ball pythons
  10 endoplasms
  3 giant cockroaches
  8 hobgoblins
  7 jackals
  12 kobolds
  4 quokkas
  9 bats
  2 frilled lizards (D:1)
  9 goblins
  6 rats
156 creatures vanquished.

Table legend: (Time is in decaauts)
 A = Elapsed time spent in this place.
 B = Non-inter-level travel time spent in this place.
 C = Inter-level travel time spent in this place.
 D = Time resting spent in this place.
 E = Time spent auto-exploring this place.
 F = Levels seen in this place.
 G = Mean time per level.
                   A        B        C        D        E       F      G
               +--------+--------+--------+--------+--------+-----+--------+
         Total |   6856 |   6293 |    563 |    386 |   4418 |   8 |  857.0 |
       Dungeon |   6358 |   5795 |    563 |    247 |   4356 |   7 |  908.3 |
        Bailey |    497 |    497 |      0 |    139 |     62 |   1 |  497.0 |
               +--------+--------+--------+--------+--------+-----+--------+

Top non-repeatable levels by time:
     D:4: 1489 daAuts
     D:5: 1334 daAuts
     D:1: 1068 daAuts
     D:6: 934 daAuts
     D:3: 840 daAuts
     D:2: 659 daAuts
  Bailey: 497 daAuts
     D:7: 31 daAuts

Table legend:
 A = Non-vault XP
 B = Vault XP
 C = Vault XP percentage of total XP
 D = Non-vault monster count
 E = Vault monster count
 F = Vault count percentage of total count
                 A         B        C        D         E       F
            +---------+---------+-------+---------+---------+-------
      Total |    1772 |     969 |  35.4 |     122 |      34 |  21.8
            +---------+---------+-------+---------+---------+-------
        D:1 |      48 |       0 |   0.0 |      28 |       0 |   0.0
        D:2 |      88 |      18 |  17.0 |      25 |       4 |  13.8
        D:3 |      57 |       0 |   0.0 |      24 |       0 |   0.0
        D:4 |     375 |     172 |  31.4 |      15 |       1 |   6.2
        D:5 |     778 |      42 |   5.1 |      23 |       1 |   4.2
        D:6 |     426 |     288 |  40.3 |       7 |       4 |  36.4
        D:7 |       0 |      13 | 100.0 |       0 |       5 | 100.0
     Bailey |       0 |     436 | 100.0 |       0 |      19 | 100.0
            +---------+---------+-------+---------+---------+-------
